 Dungeon Crawl Stone Soup version 0.26.1-11-gd32895ea62 (webtiles) character file.

Game seed: 6489288863823746731

165071 Zeld the Earth Mage (level 17, 106/106 HPs)
             Began as a Gargoyle Earth Elementalist on June 10, 2021.
             Was a Priest of Sif Muna.
             Tarried too long and was consumed by Zot
             ... on level 1 of the Snake Pit.
             The game lasted 01:49:07 (87977 turns).

Zeld the Earth Mage (Gargoyle Earth Elementalist)  Turns: 87977, Time: 01:49:07

Health: 106/106    AC: 27    Str: 13    XL:     17   Next: 87%
Magic:  45/45      EV: 16    Int: 22    God:    Sif Muna [***...]
Gold:   838        SH:  5    Dex: 10    Spells: 17/47 levels left

rFire    + . .     SeeInvis .   (no weapon)
rCold    + . .     Faith    .   (no shield)
rNeg     + . .     Spirit   .   o - +3 troll leather armour
rPois    ∞         Reflect  +   J - +2 helmet
rElec    +         Harm     .   w - scarf {rC+ rF+}
rCorr    .         Rampage  .   c - +2 pair of gloves
Will     ++...                  H - +1 pair of boots
Stlth    +++.......             E - amulet of reflection
HPRegen  0.67/turn              a - ring of wizardry
MPRegen  0.29/turn              M - ring of Toexuh {Will+ MP+9 Stlth+}

@: bezotted
A: big wings, negative energy resistance 1, electricity resistance, unbreathing,
petrification resistance, miasma immunity, AC +12
a: Fly, Renounce Religion, Channel Magic, Forget Spell


You were on level 1 of the Snake Pit.
You worshipped Sif Muna.
Sif Muna was most pleased with you.
You visited 6 branches of the dungeon, and saw 28 of its levels.
You also visited: Ice Cave.

You collected 4698 gold pieces.
You spent 3860 gold pieces at shops.

Inventory:

Missiles
 p - 529 stones (quivered)
Armour
 c - a +2 pair of gloves (worn)
 o - a +3 troll leather armour (worn)
 w - a scarf of resistance (worn)
 H - a +1 pair of boots (worn)
 J - a +2 helmet (worn)
 L - the +18 shield of the Gong {rElec rN+ Will+ EV-5}
   (You found it on level 4 of the Lair of Beasts)

   It affects your evasion (-5).
   It insulates you from electricity.
   It protects you from negative energy.
   It affects your willpower, your defense against some magical effects.
Jewellery
 a - a ring of wizardry (left hand)
 E - an amulet of reflection (around neck)
 M - the ring of Toexuh (right hand) {Will+ MP+9 Stlth+}
   (You found it on level 14 of the Dungeon)

   [ring of stealth]

   It affects your willpower, your defense against some magical effects.
   It affects your magic capacity (+9).
   It makes you more stealthy.
Wands
 e - a wand of flame (120)
 x - a wand of polymorph (13)
 C - a wand of iceblast (13)
 D - a wand of digging (26)
 G - a wand of paralysis (9)
Scrolls
 b - 2 scrolls of amnesia
 d - 7 scrolls of magic mapping
 g - 11 scrolls of teleportation
 h - a scroll of enchant weapon
 s - 12 scrolls of remove curse
 v - a scroll of summoning
 y - 3 scrolls of fear
 A - 3 scrolls of holy word
 F - 9 scrolls of identify
 K - a scroll of blinking
Potions
 k - 6 potions of might
 l - 2 potions of resistance
 m - 6 potions of curing
 n - a potion of cancellation
 q - 7 potions of heal wounds
 r - 3 potions of invisibility
 t - 2 potions of brilliance
 u - 4 potions of ambrosia
 z - 3 potions of haste
Miscellaneous
 f - a condenser vane
 i - a box of beasts
 j - a phantom mirror
 B - a phial of floods
 I - a lightning rod (4/4)


   Skills:
 - Level 12.0 Fighting
 + Level 5.5 Staves
 - Level 10.0 Dodging
 + Level 4.6 Stealth
 * Level 3.5 Shields
 + Level 15.5 Spellcasting
 + Level 3.4 Conjurations
 - Level 1.0 Transmutations
 * Level 20.1 Earth Magic
 - Level 10.0 Invocations


You had 17 spell levels left.
You knew the following spells:

 Your Spells              Type           Power        Failure   Level
a - Sandblast             Erth           100%         0%          1
b - Passwall              Tmut/Erth      49%          1%          2
c - Stone Arrow           Conj/Erth      100%         1%          3
d - Petrify               Tmut/Erth      59%          1%          4
e - Lee's Rapid Deconstr  Erth           41%          1%          5
f - Iron Shot             Conj/Erth      31%          2%          6
g - Shatter               Erth           41%          41%         9

Your spell library contained the following spells:

 Spells                   Type           Power        Failure   Level
 Animate Skeleton         Necr           34%          1%          1
 Beastly Appendage        Tmut           42%          1%          1
 Foxfire                  Conj/Fire      96%          1%          1
 Freeze                   Ice            68%          1%          1
 Magic Dart               Conj           100%         1%          1
 Searing Ray              Conj           64%          1%          2
 Wereblood                Tmut           21%          1%          2
 Leda's Liquefaction      Hex/Erth       28%          1%          4
 Bolt of Magma            Conj/Fire/Erth 25%          1%          5
 Borgnjor's Vile Clutch   Necr/Erth      28%          1%          5
 Blink                    Tloc           N/A          2%          2
 Call Imp                 Summ           17%          2%          2
 Corpse Rot               Necr/Air       N/A          2%          2
 Slow                     Hex            17%          2%          2
 Conjure Flame            Conj/Fire      24%          2%          3
 Dazzling Flash           Conj/Hex       48%          2%          3
 Mephitic Cloud           Conj/Pois/Air  22%          3%          3
 Ignite Poison            Fire/Tmut/Pois 18%          4%          3
 Spider Form              Tmut/Pois      9%           4%          3
 Frozen Ramparts          Ice            34%          5%          3
 Inner Flame              Hex/Fire       17%          5%          3
 Ozocubu's Armour         Ice            17%          5%          3
 Summon Guardian Golem    Hex/Summ       17%          5%          3
 Vampiric Draining        Necr           8%           5%          3
 Fulminant Prism          Conj/Hex       12%          9%          4
 Hailstorm                Conj/Ice       24%          9%          4
 Iskenderun's Mystic Bla  Conj/Tloc      24%          9%          4
 Sticky Flame             Conj/Fire      24%          9%          4
 Ice Form                 Ice/Tmut       19%          14%         4
 Animate Dead             Necr           8%           17%         4
 Cause Fear               Hex            8%           17%         4
 Dispel Undead            Necr           17%          17%         4
 Olgreb's Toxic Radiance  Pois           17%          17%         4
 Summon Ice Beast         Ice/Summ       17%          17%         4
 Irradiate                Conj/Tmut      13%          19%         5
 Blade Hands              Tmut           10%          32%         5
 Alistair's Intoxication  Tmut/Pois      12%          36%         5
 Yara's Violent Unravell  Hex/Tmut       9%           36%         5
 Excruciating Wounds      Necr           8%           43%         5
 Silence                  Hex/Air        8%           43%         5
 Summon Forest            Summ/Tloc      8%           43%         5
 Starburst                Conj/Fire      12%          75%         6
 Hydra Form               Tmut           10%          85%         6
 Eringya's Noxious Bog    Tmut/Pois      9%           89%         6
 Death Channel            Necr           8%           92%         6
 Simulacrum               Ice/Necr       8%           92%         6
 Summon Hydra             Summ           8%           100%        7
 Discord                  Hex            8%           100%        8
 Infestation              Necr           8%           100%        8
 Death's Door             Necr           8%           100%        9
 Dragon's Call            Summ           8%           100%        9
 Fire Storm               Conj/Fire      12%          100%        9
 Sublimation of Blood     Necr           Unusable     N/A         2
 Statue Form              Tmut/Erth      Unusable     N/A         6

Dungeon Overview and Level Annotations

Branches:
Dungeon (15/15)            Temple (1/1) D:7            Lair (6/6) D:10
 Shoals (1/4) Lair:3        Snake (3/4) Lair:4        Slime (0/5) Lair:5
    Orc (2/2) D:10            Elf (0/3) Orc:2        Vaults (0/5) D:14
 Depths (0/5) D:15          IceCv (visited)

Altars:
Ashenzari
Cheibriados
Dithmenos
Elyvilon
Fedhas
Gozag
Hepliaklqana
Kikubaaqudgha
Makhleb
Nemelex Xobeh
Okawaru
Qazlal
Ru
Sif Muna
Trog
Uskayaw
Vehumet
Wu Jian
Xom
Yredelemnul
Zin
The Shining One
Beogh
Jiyva
Lugonu

Shops:
D:6 (   Orc:2 [?(}   Snake:1 [!

Portals:
Abyss: Lair:6


Innate Abilities, Weirdness & Mutations

You are resistant to torment.
Your stone body is resilient. (AC +12)
You are immune to poison.
Your large and strong wings let you fly indefinitely.
You resist negative energy. (rN+)
You are resistant to electric shocks. (rElec)
You can survive without breathing.
You are immune to petrification.
You are immune to miasma.


Message History

a bolt; a javelin
Things that are here:
a manual of Maces & Flails; a javelin You see here a +0 halberd.
You see here a +0 battleaxe.
Items here: ( )) [.
Things that are here:
a cursed +0 hand axe; a +0 robe
There is a stone staircase leading up here.
You climb upwards.
There is a stone staircase leading down here.
You see here 3 arrows.
You see here a +0 halberd.
Things that are here:
13 arrows; a +2 vorpal battleaxe; a +0 shortbow
Things that are here:
4 arrows; a cursed -1 dire flail You see here 6 arrows.
Zot has found you!
You die...

..# #...#
#...# ..####
#...# #..[#
#....# #...#
#...# ..#..#
#.### ##..#
..#..# ###
#...# .##..#
### #.).#
##...# #.###
#...# ##...#
#...#####...#
#(...#
#...#..@....#
#...##
#....#......#
...##
#...#####...#
..## ###..#
#...# .##
##....# ###.#
## ##....##
##..#
#######....##
#...#
..........##
##...#
.###.###.##
##....#


There were no monsters in sight!

Vanquished Creatures
  Kirke (D:12)
  Roxanne (D:14)
  A frost giant (D:14)
  An orc warlord (Orc:2)
  A juggernaut zombie (D:15)
  2 very ugly things (IceCv)
  A minotaur (D:12)
  2 merfolk impalers (Shoals:1)
  2 ettins (D:14)
  An ogre mage (D:13)
  Josephine (D:12)
  The ghost of oc3rt the Unseen, a journeyman KoHu of Hepliaklqana (D:12)
  Erolcha (Orc:2)
  4 boulder beetles
  9 naga warriors
  7 hydras
  Harold (Orc:1)
  A centaur warrior (D:13)
  2 catoblepae
  7 anacondas
  6 two-headed ogres
  4 merfolk aquamancers
  The ghost of Cheops the Martial Artist, a journeyman DsMo of Makhleb (D:10)
  A merfolk avatar (Shoals:1)
  A death knight (D:12)
  A deep troll shaman (Lair:6)
  3 tengu warriors
  Urug (Orc:1)
  An orc high priest (Orc:2)
  8 naga sharpshooters
  3 shock serpents
  Sonja (D:12)
  5 death yaks
  2 sea snakes (Shoals:1)
  2 skeletal warriors
  An unseen horror (D:7)
  A naga ritualist (Snake:2)
  A deep troll (D:14)
  Pikel (D:3)
  2 necromancers (D:14)
  A lindwurm (Lair:6)
  A harpy (shapeshifter) (D:13)
  A wizard (D:14)
  A phantasmal warrior (D:15)
  7 mana vipers
  An orc knight (Orc:2)
  3 deep elf magi
  5 fauns (Shoals:1)
  19 cyclopes
  5 salamanders
  An ugly thing (D:10)
  8 orc sorcerers
  3 manticores
  28 black mambas
  5 naga magi
  29 elephants
  A stone giant skeleton (D:15)
  A guardian serpent (shapeshifter) (D:13)
  3 guardian serpents
  2 merfolk sirens (Shoals:1)
  5 ice statues (IceCv)
  A water nymph (Shoals:1)
  A gargoyle (D:11)
  13 cane toads
  3 rime drakes (Lair:6)
  5 freezing wraiths (Snake:2)
  Maggie (D:8)
  An efreet (D:12)
  13 komodo dragons
  2 golden dragon simulacra (IceCv)
  A wind drake (Shoals:1)
  A tengu conjurer (D:12)
  7 trolls
  3 merfolk (Shoals:1)
  23 blink frogs
  A polar bear (Lair:6)
  3 snapping turtles (Shoals:1)
  9 dream sheep
  5 slime creatures
  A meliai zombie (D:13)
  42 yaks
  6 wraiths
  3 shadows (D:12)
  2 vampires
  2 dire elephant simulacra (IceCv)
  An ettin skeleton (D:15)
  4 wyverns
  5 vampire mosquitoes
  3 basilisks
  3 hogs
  6 wargs
  An iron troll simulacrum (IceCv)
  26 nagas
  2 harpy simulacra (IceCv)
  17 water moccasins
  2 soldier ants
  A hydra simulacrum (IceCv)
  An acid dragon (D:12)
  Duvessa (D:3)
  29 orc warriors
  12 ice beasts
  5 sky beasts
  5 black bears
  3 phantoms
  A hornet zombie (D:15)
  An ettin simulacrum (IceCv)
  2 eyes of draining
  21 ogres
  30 wolves
  A centaur (shapeshifter) (D:14)
  18 centaurs
  2 big kobolds
  A lemure (D:4)
  18 bullfrogs
  A gnoll sergeant (D:13)
  Dowan (D:3)
  3 scorpions
  A water moccasin zombie (D:6)
  A tengu zombie (D:15)
  11 killer bees
  19 wights
  A vampire bat (Lair:1)
  4 howler monkeys
  A centaur zombie (D:5)
  2 bullfrog zombies
  2 quasits
  5 hounds
  6 jellies
  Crazy Yiuf (D:2)
  27 orc priests
  3 bullfrog skeletons
  2 iguanas
  49 orc wizards
  14 worker ants
  A hound skeleton (D:11)
  A hound zombie (D:9)
  2 worker ant zombies
  5 gnolls
  10 river rats (D:5)
  11 adders
  5 white imps
  2 oozes
  An adder zombie (D:9)
  5 worms
  2 dart slugs (D:1)
  10 leopard geckos
  109 orcs
  15 bats
  5 giant cockroaches
  3 goblins
  14 hobgoblins
  11 jackals
  11 kobolds
  10 quokkas
  7 frilled lizards
  A leopard gecko skeleton (D:2)
  2 leopard gecko zombies
  A quokka skeleton (D:7)
  19 rats
  A lurking horror (Lair:6)
1012 creatures vanquished.

Vanquished Creatures (others)
  Nessos (Lair:4)
  A naga warrior (Snake:2)
  An orc warrior (Orc:2)
  27 fungi
  A lurking horror (Lair:6)
  53 plants
  9 withered plants (D:15)
93 creatures vanquished.

Grand Total: 1105 creatures vanquished

Notes
Turn   | Place    | Note
-------+----------+-------------------------------------------
     0 | D:1      | Zeld the Gargoyle Earth Elementalist began the quest for
                  | the Orb.
     0 | D:1      | Reached XP level 1. HP: 10/10 MP: 3/3
   204 | D:1      | Reached XP level 2. HP: 16/16 MP: 0/5
   207 | D:1      | Learned a level 2 spell: Passwall
   265 | D:1      | Reached skill level 4 in Earth Magic
   710 | D:1      | Reached skill level 1 in Fighting
   787 | D:1      | Reached XP level 3. HP: 20/20 MP: 4/6
   792 | D:1      | Learned a level 3 spell: Stone Arrow
  1667 | D:2      | Reached XP level 4. HP: 25/25 MP: 5/7
  1702 | D:2      | Found a faded altar of an unknown god.
  1900 | D:2      | Found a runed translucent door.
  1901 | D:2      | Noticed Crazy Yiuf
  2230 | D:2      | Killed Crazy Yiuf
  2231 | D:2      | Reached skill level 5 in Earth Magic
  2592 | D:3      | Reached XP level 5. HP: 30/30 MP: 2/9
  3256 | D:3      | Reached XP level 6. HP: 36/36 MP: 8/10
  3272 | D:3      | Learned a level 4 spell: Petrify
  4021 | D:4      | Noticed Dowan
  4022 | D:4      | Noticed Duvessa
  4330 | D:3      | Killed Duvessa
  4331 | D:3      | Reached skill level 6 in Earth Magic
  5061 | D:3      | Killed Dowan
  5387 | D:4      | Reached XP level 7. HP: 41/41 MP: 3/12
  5580 | D:4      | Found a hazy altar of Hepliaklqana.
  5581 | D:4      | Found a glowing golden altar of the Shining One.
  5582 | D:4      | Noticed Pikel
  5582 | D:4      | Found a blossoming altar of Fedhas.
  5582 | D:4      | Found a broken altar of Ashenzari.
  5586 | D:4      | Found an ancient bone altar of Kikubaaqudgha.
  5662 | D:3      | Killed Pikel
  5663 | D:3      | Reached skill level 7 in Earth Magic
  5663 | D:3      | Reached XP level 8. HP: 35/48 MP: 0/14
  5670 | D:3      | Learned a level 5 spell: Lee's Rapid Deconstruction
  6477 | D:5      | Entered Level 5 of the Dungeon
  6577 | D:5      | Reached skill level 8 in Earth Magic
  6831 | D:5      | You fall into a shaft and drop 1 floor!
  6887 | D:6      | Found a blossoming altar of Fedhas.
  7438 | D:5      | Reached skill level 5 in Spellcasting
  7932 | D:5      | Reached skill level 5 in Fighting
  7932 | D:5      | Reached skill level 9 in Earth Magic
  7932 | D:5      | Reached XP level 9. HP: 47/54 MP: 9/16
  9195 | D:6      | Found Jobboikk's Weapon Shop.
  9581 | D:7      | Found a transporter.
 10440 | D:7      | Reached skill level 10 in Earth Magic
 10613 | D:7      | Found a transporter.
 10771 | D:7      | Noticed a moth of wrath
 10777 | D:7      | Found a bloodstained altar of Trog.
 11223 | D:7      | Found a staircase to the Ecumenical Temple.
 11251 | Temple   | Entered the Ecumenical Temple
 11324 | Temple   | Reached skill level 5 in Dodging
 11332 | Temple   | Became a worshipper of Sif Muna the Loreminder
 11727 | D:8      | Reached XP level 10. HP: 54/60 MP: 16/20
 12259 | D:8      | Noticed Maggie
 12265 | D:8      | Killed Maggie
 12459 | D:8      | Reached skill level 11 in Earth Magic
 13250 | D:9      | Noticed a two-headed ogre
 13292 | D:9      | Killed a two-headed ogre
 13771 | D:9      | Reached * piety under Sif Muna
 15424 | D:9      | Reached skill level 12 in Earth Magic
 15424 | D:9      | Reached XP level 11. HP: 67/67 MP: 10/23
 15629 | D:10     | Entered Level 10 of the Dungeon
 16522 | D:10     | Found a staircase to the Lair.
 16840 | D:10     | Found a staircase to the Orcish Mines.
 16894 | D:10     | Identified a scroll of acquirement
 16904 | D:10     | Acquired 1028 gold pieces
 17145 | D:10     | Reached ** piety under Sif Muna
 17527 | D:11     | Noticed a white ugly thing
 19596 | D:10     | Found a staircase to the Orcish Mines.
 20150 | D:10     | Found a staircase to the Lair.
 20220 | D:10     | Killed a white ugly thing
 20221 | D:10     | Reached skill level 13 in Earth Magic
 21159 | D:11     | Found a runed translucent gate.
 21160 | D:11     | Found a runed translucent gate.
 21160 | D:11     | Noticed Cheops's ghost (journeyman DsMo)
 21161 | D:11     | Found a runed translucent gate.
 21167 | D:11     | Found a roughly hewn altar of Beogh.
 21397 | D:11     | Noticed a cyclops
 21406 | D:11     | Killed a cyclops
 21723 | D:10     | Killed Cheops's ghost
 22424 | D:12     | Reached XP level 12. HP: 75/75 MP: 18/25
 22616 | D:12     | Reached *** piety under Sif Muna
 22631 | D:12     | Reached skill level 10 in Spellcasting
 22904 | D:12     | Found an ancient bone altar of Kikubaaqudgha.
 22980 | D:12     | HP: 1/75 [titanic slime creature (54)]
 22996 | D:12     | Noticed Sonja
 23000 | D:12     | Found a white marble altar of Elyvilon.
 23267 | D:12     | Killed Sonja
 23356 | D:12     | Noticed Josephine
 23363 | D:12     | Killed Josephine
 24530 | D:11     | Reached skill level 14 in Earth Magic
 25606 | D:12     | Noticed a two-headed ogre
 25609 | D:12     | Killed a two-headed ogre
 25884 | D:13     | Noticed a centaur warrior
 27096 | D:13     | Killed a centaur warrior
 27421 | D:13     | Noticed Kirke
 28151 | D:12     | Killed Kirke
 28152 | D:12     | Reached XP level 13. HP: 65/81 MP: 8/28
 28489 | D:13     | Reached skill level 15 in Earth Magic
 28489 | D:13     | Reached skill level 1 in Invocations
 30306 | D:13     | Found a runed translucent gate.
 30306 | D:13     | Found a runed translucent gate.
 30306 | D:13     | Found a runed translucent gate.
 30381 | D:13     | Noticed oc3rt's ghost (journeyman KoHu)
 30382 | D:13     | Noticed a minotaur
 30647 | D:12     | Killed oc3rt's ghost
 30648 | D:12     | Reached skill level 10 in Fighting
 32655 | D:12     | Killed a minotaur
 32911 | D:12     | Found a white marble altar of Elyvilon.
 33010 | D:12     | Found an ancient bone altar of Kikubaaqudgha.
 33694 | D:14     | Noticed Roxanne
 34040 | D:14     | Killed Roxanne
 34806 | D:14     | Learned a level 6 spell: Iron Shot
 35129 | D:14     | Found a gate to the Vaults.
 35204 | D:14     | Noticed an ettin
 35947 | D:14     | Noticed an ogre mage
 36043 | D:13     | Paralysed by an ogre mage for 7 turns
 36051 | D:13     | Killed an ogre mage
 36051 | D:13     | Reached **** piety under Sif Muna
 36052 | D:13     | Gained mutation: Your large and strong wings let you fly
                  | indefinitely. [Gargoyle growth]
 36052 | D:13     | Reached XP level 14. HP: 88/88 MP: 9/30
 36128 | D:14     | Reached skill level 16 in Earth Magic
 38357 | D:14     | Reached skill level 5 in Invocations
 38431 | D:14     | Noticed a frost giant
 38801 | D:14     | Killed a frost giant
 39156 | D:14     | Found the +7 great mace "Undeadhunter" {disrupt, rN+}
 39156 | D:14     | Found the +10 dark maul {vorpal}
 39163 | D:14     | Identified the Collected Works on Supportive Earth
 39168 | D:14     | Got a warped copper ring
 39180 | D:14     | Learned a level 9 spell: Shatter
 39219 | D:14     | Identified the ring of Toexuh {Will+ MP+9 Stlth+} (You
                  | found it on level 14 of the Dungeon)
 39285 | D:15     | Entered Level 15 of the Dungeon
 40917 | D:14     | Found a gate to the Vaults.
 42411 | D:15     | Found a staircase to the Depths.
 43403 | Lair:1   | Entered Level 1 of the Lair of Beasts
 43866 | Lair:1   | Reached skill level 17 in Earth Magic
 44167 | Lair:1   | Identified the Grimoire of the Ghastly Blaze
 45155 | Lair:2   | Reached XP level 15. HP: 95/95 MP: 23/32
 47009 | Lair:3   | Found a staircase to the Shoals.
 47467 | Lair:4   | Noticed Nessos
 47784 | Lair:4   | Killed Nessos
 47878 | Lair:4   | Found a staircase to the Snake Pit.
 48118 | Lair:4   | Found the +18 shield of the Gong {rElec rN+ Will+ EV-5}
 48303 | Lair:4   | Found a staircase to the Snake Pit.
 50618 | Lair:5   | Found a broken altar of Ashenzari.
 51022 | Lair:5   | Found a viscous altar of Jiyva.
 51022 | Lair:5   | Found a staircase to the Slime Pits.
 51169 | Lair:6   | Entered Level 6 of the Lair of Beasts
 51767 | Lair:6   | Reached ***** piety under Sif Muna
 52230 | Lair:5   | Identified Sif Muna's Compendium of Creative Black Magic
                  | (Sif Muna gifted it to you on level 5 of the Lair of
                  | Beasts)
 52230 | Lair:5   | Received a gift from Sif Muna
 52594 | Lair:6   | Found a one-way gate to the infinite horrors of the Abyss.
 52595 | Lair:6   | Found a corrupted altar of Lugonu.
 53130 | Lair:6   | Reached skill level 18 in Earth Magic
 54306 | Lair:5   | Reached XP level 16. HP: 64/101 MP: 16/34
 55150 | Lair:6   | Reached skill level 10 in Dodging
 56059 | Orc:1    | Entered Level 1 of the Orcish Mines
 56158 | Orc:1    | Noticed Urug
 56392 | Orc:1    | Killed Urug
 56705 | Orc:2    | Entered Level 2 of the Orcish Mines
 57097 | Orc:1    | Noticed Harold
 57097 | Orc:1    | Noticed Erolcha
 57643 | Orc:1    | Reached skill level 1 in Staves
 57748 | Orc:1    | Killed Harold
 58277 | Orc:2    | Killed Erolcha
 58355 | Orc:1    | Identified Sif Muna's Papyrus of Nocuous Fire (Sif Muna
                  | gifted it to you on level 1 of the Orcish Mines)
 58355 | Orc:1    | Received a gift from Sif Muna
 58879 | Orc:1    | Found a roughly hewn altar of Beogh.
 59031 | Orc:2    | Found Edoem's Gadget Emporium.
 59041 | Orc:2    | Found a roughly hewn altar of Beogh.
 59044 | Orc:2    | Bought a wand of flame (21) for 138 gold pieces
 59044 | Orc:2    | Bought a wand of flame (9) for 66 gold pieces
 59044 | Orc:2    | Bought a wand of digging (8) for 288 gold pieces
 59044 | Orc:2    | Bought a box of beasts for 480 gold pieces
 59044 | Orc:2    | Bought a phantom mirror for 480 gold pieces
 59044 | Orc:2    | Bought a phial of floods for 480 gold pieces
 60740 | Orc:2    | Found a staircase to the Elven Halls.
 61938 | Orc:2    | Found Reureune's Antique Weapon Shop.
 61952 | Orc:2    | Found Viengi's Antique Armour Boutique.
 61953 | Orc:2    | Found Dinoitih's Magic Scroll Boutique.
 61957 | Orc:2    | Found Saifit's Magic Scroll Shop.
 61962 | Orc:2    | Bought a scroll of identify for 26 gold pieces
 61962 | Orc:2    | Bought a scroll of remove curse for 39 gold pieces
 61962 | Orc:2    | Bought a scroll of identify for 26 gold pieces
 61962 | Orc:2    | Bought a scroll of identify for 26 gold pieces
 61962 | Orc:2    | Bought a scroll of teleportation for 39 gold pieces
 61962 | Orc:2    | Bought a scroll of teleportation for 39 gold pieces
 61962 | Orc:2    | Bought a scroll of teleportation for 39 gold pieces
 61964 | Orc:2    | Bought a scroll of identify for 32 gold pieces
 61964 | Orc:2    | Bought a scroll of identify for 32 gold pieces
 61964 | Orc:2    | Bought a scroll of identify for 32 gold pieces
 61964 | Orc:2    | Bought a scroll of blinking for 120 gold pieces
 61964 | Orc:2    | Bought a scroll of identify for 32 gold pieces
 61964 | Orc:2    | Bought a scroll of identify for 32 gold pieces
 61964 | Orc:2    | Bought a scroll of magic mapping for 56 gold pieces
 61964 | Orc:2    | Bought a scroll of teleportation for 48 gold pieces
 61966 | Orc:2    | Bought a pair of glowing boots for 142 gold pieces
 62332 | Snake:1  | Entered Level 1 of the Snake Pit
 63001 | Snake:1  | Reached skill level 19 in Earth Magic
 63490 | Snake:1  | Received a gift from Sif Muna
 64243 | Snake:1  | Found Maur's Distillery.
 64243 | Snake:1  | Found Tihak's Antique Armour Shoppe.
 64302 | Snake:1  | Bought a potion of heal wounds for 80 gold pieces
 64302 | Snake:1  | Bought a potion of ambrosia for 128 gold pieces
 64302 | Snake:1  | Bought a potion of heal wounds for 80 gold pieces
 64302 | Snake:1  | Bought 2 potions of haste for 320 gold pieces
 64308 | Snake:1  | Bought a glowing helmet for 247 gold pieces
 64308 | Snake:1  | Bought a pair of jewelled gloves for 313 gold pieces
 64329 | Snake:1  | Identified the +2 pair of gloves of Aheq {Harm rCorr Int+7
                  | Slay-3} (You bought it in a shop on level 1 of the Snake
                  | Pit)
 65548 | Snake:1  | Reached skill level 15 in Spellcasting
 67134 | Snake:1  | Found Maur's Distillery.
 67134 | Snake:1  | Found Tihak's Antique Armour Shoppe.
 67446 | Shoals:1 | Entered Level 1 of the Shoals
 68096 | Shoals:1 | Reached XP level 17. HP: 100/106 MP: 21/36
 72366 | Snake:2  | Reached skill level 1 in Transmutations
 72545 | Snake:2  | Found a frozen archway.
 72599 | IceCv    | Entered an ice cave
 73179 | IceCv    | Reached skill level 1 in Conjurations
 75295 | Snake:2  | Reached skill level 10 in Invocations
 77507 | Snake:2  | Reached skill level 5 in Staves
 80576 | Snake:2  | Glimpsed the power of Zot.
 80597 | Snake:2  | Reached skill level 1 in Shields
 81005 | Snake:3  | Reached skill level 20 in Earth Magic
 84281 | Snake:2  | Found a hazy altar of Hepliaklqana.
 86980 | Snake:3  | Glimpsed the power of Zot.
 87479 | Snake:2  | Glimpsed the power of Zot.
 87877 | Snake:2  | Glimpsed the power of Zot.
 87976 | Snake:1  | Glimpsed the power of Zot.
 87977 | Snake:1  | Tarried too long and was consumed by Zot

Illustrated notes

Levels and vault maps discovered:
D:1:      lightli_iron_boxes, layout_loops_corners, minmay_tromino_v4_a
D:2:      minmay_wonky_spiral, layout_rooms,
          chequers_ecumenical_altar_simple_redux, uniq_crazy_yiuf_cottage
D:3:      kennysheep_big_flooded_room, layout_basic
D:4:      layout_basic, grunt_temple_overflow_open, uniq_duvessa, uniq_pikel
D:5:      lemuel_ratsnest, layout_basic
D:6:      layout_loops_corners, serial_shops, nicolae_shop_statue_plus,
          fedhas_ov_isle_minmay
D:7:      gammafunk_the_bubble [the_bubble_gammafunk_crates], layout_layer_cave,
          minmay_temple_entry_ruins, tgw_trog
D:8:      layout_loops_ring, uniq_maggie
D:9:      layout_long_grid
D:10:     layout_roguey, david_lair_shrubbed, orc_0_dummy
D:11:     layout_rooms, biasface_ghost_orc_armoury
D:12:     layout_rooms, basic_altar, elyvilon_altar_3, uniq_sonja,
          uniq_josephine
D:13:     layout_cross, maelrawn_ghost_gauntlet_escape, uniq_kirke
D:14:     giant_chief_lemuel, layout_rooms, david_vaults_4,
          minmay_misc_feat_columns, uniq_roxanne
D:15:     gammafunk_depths_entry_grave, layout_stronghold
Temple:   minmay_crystal_spiral_temple
Lair:1:   layout_regular_city, st_stairs_11, roderic_batcave,
          serial_bayou_shore_a, infiniplex_staircase_pool_2
Lair:2:   layout_big_grid, grunt_megastairs_3
Lair:3:   layout_big_grid, elwin_shoals_entry_rocks
Lair:4:   layout_regular_city, guppyfry_snake_entry_island,
          infiniplex_staircase_pool, lemuel_fruit_fields, lemuel_fruit_fields,
          serial_bayou_shore_b, uniq_nessos
Lair:5:   layout_cave_pods, dpeg_slime_entry_enclosed_altar, basic_altar,
          serial_bayou_crossing
Lair:6:   grunt_lair_end_beastmaster, layout_misc_corridors,
          amcnicky_altar_lugonu_corruption
Shoals:1: layout_shoals, nicolae_shoals_aquamancer_cove
Snake:1:  layout_concentric_octagons, st_stairs_3, minmay_shoptagon
Snake:2:  nrook_guardian_serpent_snake_passage, layout_basic,
          portal_ice_cave_entry_horrid_things, basic_altar, st_stairs_1,
          grunt_ministairs_4, statue_in_the_mist_lemuel
Snake:3:  nicolae_cobra_stairs, layout_layer_cave
Orc:1:    layout_caves, basic_altar, uniq_harold, uniq_erolcha, uniq_urug
Orc:2:    st_orc_mages, layout_caves, basic_altar, serial_shops, shop,
          guppyfry_library_mini

Skill      XL: |  1  2  3  4  5  6  7  8  9 10 11 12 13 14 15 16 17 |
---------------+----------------------------------------------------+-----
Earth Magic    | 4 5 6 7 9 10 12 13 14 15 17 18 19 20 | 20.1
Fighting       | 1 2 3 4 5 6 7 8 9 10 11 12 | 12.0
Dodging        | 2 3 4 5 6 7 8 9 10 | 10.0
Spellcasting   | 3 4 5 6 8 9 11 12 13 14 15 | 15.5
Invocations    | 4 6 7 9 10 | 10.0
Staves         | 3 5 |  5.5
Transmutations | 1 |  1.0
Conjurations   | 3 |  3.4
Stealth        | 4 |  4.6
Shields        | 3 |  3.5

Action                   |  1- 3 |  4- 6 |  7- 9 | 10-12 | 13-15 | 16-18 || total
-------------------------+-------+-------+-------+-------+-------+-------++-------
Melee: Unarmed           |    14 |    23 |       |    15 |       |     3 ||    55
       Quarterstaff      |       |     6 |    19 |    86 |   222 |   359 ||   692
Throw: Stone             |       |       |     1 |       |       |     1 ||     2
 Cast: Sandblast         |    52 |    86 |   193 |    13 |    20 |    21 ||   385
       Stone Arrow       |       |       |    58 |   379 |   794 |   505 ||  1736
       Passwall          |       |       |     1 |     1 |     1 |    13 ||    16
       Lee's Rapid Decon |       |       |       |    60 |    95 |    51 ||   206
       Petrify           |       |       |       |       |     5 |     6 ||    11
       Iron Shot         |       |       |       |       |     3 |   209 ||   212
Invok: Channel Magic     |       |       |       |       |     2 |     4 ||     6
 Abil: Fly               |       |       |       |       |       |     1 ||     1
       Stop Flying       |       |       |       |       |       |     1 ||     1
Evoke: Wand              |       |       |       |     2 |     4 |     5 ||    11
       Phantom mirror    |       |       |       |       |       |     1 ||     1
  Use: Scroll            |       |    13 |     9 |    11 |    18 |    14 ||    65
       Potion            |       |       |       |       |     1 |     5 ||     6
 Stab: Petrified         |       |       |       |       |    13 |       ||    13
       Paralysed         |       |       |       |       |     2 |       ||     2
       Confused          |       |       |       |       |     1 |       ||     1
       Distracted        |       |       |       |       |       |     2 ||     2
Armor: Robe              |    14 |    22 |     7 |       |       |       ||    43
       Troll leather arm |       |       |    90 |   186 |   508 |   489 ||  1273
Dodge: Dodged            |    23 |    35 |   129 |   340 |   850 |   630 ||  2007
Block: Other             |       |       |       |       |   187 |   220 ||   407
       Reflection        |       |       |       |       |     8 |    27 ||    35
       Kite shield       |       |       |       |       |       |     4 ||     4
